 Dungeon Crawl Stone Soup version 0.31.0-12-g77e489cdc1 (webtiles) character file.

Game seed: 49489090237498957

9 Silvore the Trooper (level 2, 0/24 HPs)
             Began as a Demonspawn Fighter on Feb 12, 2024.
             Slain by a goblin
             ... wielding a +0 dagger
              (2 damage)
             ... on level 1 of the Dungeon.
             The game lasted 00:00:39 (332 turns).

Silvore the Trooper (Demonspawn Fighter)             Turns: 332, Time: 00:00:39

Health: 0/24       AC:  0    Str: 16    XL:     2   Next: 3%
Magic:  2/2        EV: 11    Int:  8    God:
Gold:   22         SH:  0    Dex: 12    Spells: 1/1 levels left

rFire   . . .        a - +0 long sword
rCold   . . .        (no shield)
rNeg    . . .        (no body armour)
rPois   .            (helmet restricted)
rElec   .            (no cloak)
rCorr   .            (no gloves)
SInv    .            (no boots)
Will    .....        (no amulet)
Stlth   +            (no ring)
HPRegen 0.24/turn    (no ring)
MPRegen 0.08/turn

%: no passive effects
@: no status effects
A: antennae 1
a: no special abilities


You were on level 1 of the Dungeon.
You visited 1 branch of the dungeon, and saw 1 of its levels.

You collected 22 gold pieces.

Inventory:

Hand Weapons
 a - a +0 long sword (weapon)
Armour
 b - a +0 scale mail
 c - a +0 buckler
Potions
 d - a potion of might


   Skills:
 + Level 3.1 Fighting
 + Level 1.8 Long Blades
 + Level 2.9 Armour
 + Level 2.8 Shields


You had one spell level left.
You didn't know any spells.
Your spell library contained the following spells:

 Spells                   Type           Power      Damage    Failure   Level
 Necrotise                Necr           0%         1d4       41%         1
 Vampiric Draining        Necr           0%         2d6       78%         3
 Manifold Assault         Tloc           0%         N/A       99%         4
 Martyr's Knell           Necr/Summ      0%         N/A       99%         4
 Curse of Agony           Necr           0%         N/A       100%        5
 Dispersal                Tloc           0%         N/A       100%        6
 Disjunction              Tloc           0%         N/A       100%        8


Dungeon Overview and Level Annotations

Branches:
Dungeon (1/15)

Altars:


Innate Abilities, Weirdness & Mutations

You have a pair of small antennae on your head.


Message History

You drop a dark potion.
The goblin hits you but does no damage.
No item to drop.
Okay, then.
The goblin hits you with a +0 dagger.
You start removing your armour.
You continue taking off your +0 scale mail.
The goblin hits you with a +0 dagger.
You continue taking off your +0 scale mail.
The goblin hits you but does no damage.
You continue taking off your +0 scale mail.
The goblin completely misses you.
You continue taking off your +0 scale mail.
The goblin closely misses you.
You finish taking off your +0 scale mail.
The goblin hits you with a +0 dagger. The goblin barely misses you.
The goblin hits you with a +0 dagger. The goblin closely misses you.
The goblin closely misses you. The goblin hits you with a +0 dagger.
The goblin misses you. The goblin hits you with a +0 dagger.
The goblin barely misses you. The goblin barely misses you.
The goblin closely misses you. The goblin hits you with a +0 dagger.
The goblin closely misses you. The goblin hits you with a +0 dagger.
The goblin hits you with a +0 dagger. The goblin barely misses you.
The goblin hits you with a +0 dagger.
* * * LOW HITPOINT WARNING * * *
The goblin hits you with a +0 dagger.
* * * LOW HITPOINT WARNING * * *
The goblin closely misses you. The goblin hits you with a +0 dagger.
* * * LOW HITPOINT WARNING * * *
The goblin misses you. The goblin hits you with a +0 dagger.
You die...

#####...###...... ###
#..#.#.#.#### ..#
#......#.# #.#
##.###(#.# ..#
#.##....# #.# #.....>.#
#.# ####...## #g#####
#...# #.@..># #...#
###.....#####(..#####
......................
.......................
###.....#..............
#...######..#...#.###
#>..# ###..#...#.# #...
.#..#...#.# ##
###..#...#.#


You could see a goblin.

Vanquished Creatures
  2 ball pythons (D:1)
  A giant cockroach (D:1)
  A goblin (D:1)
  2 hobgoblins (D:1)
  A frilled lizard (D:1)
7 creatures vanquished.

Notes
Turn   | Place    | Note
-------+----------+-------------------------------------------
     0 | D:1      | Silvore the Demonspawn Fighter began the quest for the Orb.
     0 | D:1      | Reached XP level 1. HP: 18/18 MP: 1/1
   249 | D:1      | Gained mutation: You have a pair of small antennae on your
                  | head. [demonic ancestry]
   249 | D:1      | Reached XP level 2. HP: 23/24 MP: 2/2
   332 | D:1      | Slain by a goblin

Illustrated notes

Levels and vault maps discovered:
D:1:      sevenhm_arrival_forest_fort_large_2, layout_loops_cross,
          serial_aquarium, aquarium_bridge_square [aquarium_subvault_wall,
          aquarium_subvault_bridge, aquarium_subvault_bridge,
          aquarium_subvault_window], aquarium_bridge_square
          [aquarium_subvault_bridge, aquarium_subvault_bridge,
          aquarium_subvault_window, aquarium_subvault_balcony],
          aquarium_window_fake, aquarium_window_corridor_1, aquarium_window_1,
          aquarium_view_2d, aquarium_view_2e, aquarium_balcony_1b

Action                     || total
---------------------------++-------
  Melee: Long sword        ||    31
 Armour: Scale mail        ||    24
         Skin              ||    11
  Dodge: Dodged            ||    24
  Block: Buckler           ||    10
